 Dungeon Crawl Stone Soup version 0.31.0-11-ge490571c62 (webtiles) character file.

Game seed: 10076355485645117037

109 qw the Shooter (level 4, -3/22 HPs)
             Began as a Spriggan Hunter on Feb 4, 2024.
             Slain by Natasha (6 damage)
             ... on level 2 of the Dungeon.
             The game lasted 00:00:22 (1130 turns).

qw the Shooter (Spriggan Hunter)                    Turns: 1130, Time: 00:00:22

Health: -3/22      AC:  2    Str:  7    XL:     4   Next: 60%
Magic:  5/5        EV: 20    Int: 10    God:
Gold:   86         SH:  0    Dex: 20    Spells: 3/3 levels left

rFire   . . .        a - +2 shortbow
rCold   . . .        (shield currently unavailable)
rNeg    . . .        c - +0 robe
rPois   .            (helmet restricted)
rElec   .            (no cloak)
rCorr   .            (gloves unavailable)
SInv    +            (boots unavailable)
Will    .....        (no amulet)
Stlth   ++           (no ring)
HPRegen 0.23/turn    (no ring)
MPRegen 0.09/turn

%: no passive effects
@: slowed, quick
A: very small, no large weapons, unfitting armour, see invisible, speed 3
a: no special abilities


You were on level 2 of the Dungeon.
You visited 1 branch of the dungeon, and saw 2 of its levels.

You collected 86 gold pieces.


Innate Abilities, Weirdness & Mutations

You are very small and have problems with some larger weapons.
You are too small for most types of armour.
You have supernaturally acute eyesight. (SInv)
You cover ground extremely quickly. (Speed+++)


   Skills:
 - Level 1.5 Fighting
 - Level 5.2 Ranged Weapons
 + Level 4.8 Dodging
 - Level 1.5 Stealth


You had 3 spell levels left.
You didn't know any spells.
Your spell library was empty.

Inventory:

Hand Weapons
 a - a +2 shortbow (weapon)
Armour
 c - a +0 robe (worn)
Scrolls
 b - a scroll of silence {unknown}

Dungeon Overview and Level Annotations

Branches:
Dungeon (2/15)

Altars:

Annotations:
D:2 Natasha


Message History

Natasha howls an incantation.
Natasha's front paws start to glow.
Natasha claws you. The rat barely misses you.
The frilled lizard moves out of view.
You shoot an arrow. The arrow closely misses Natasha.
Natasha mumbles some strange words.
Natasha shimmers violently.
Natasha closely misses you. The rat closely misses you.
You shoot an arrow. The arrow misses Natasha.
Natasha closely misses you. The rat barely misses you.
You shoot an arrow. The arrow hits Natasha.
Natasha is heavily wounded.
Natasha misses you. The rat completely misses you. Natasha misses you.
You shoot an arrow. The arrow barely misses Natasha.
The rat bites you but does no damage.
Natasha stares at you and mumbles some strange words.
You feel yourself slow down.
You shoot an arrow. The arrow hits Natasha.
Natasha is heavily wounded.
The rat bites you but does no damage.
Natasha stares at you and mumbles some strange words.
You feel as though you will be slow longer.
The rat completely misses you.
You shoot an arrow. The arrow barely misses Natasha.
Natasha completely misses you. The rat bites you. Natasha claws you.
The rat completely misses you.
You shoot an arrow. The arrow misses Natasha.
Natasha closely misses you. The rat misses you.
Natasha mumbles some strange words.
You shoot an arrow. The arrow hits Natasha.
Natasha is severely wounded.
The rat bites you.
Natasha mumbles some strange words.
The rat completely misses you.
You shoot an arrow. The arrow barely misses Natasha.
Natasha closely misses you. The rat bites you but does no damage.
The cerulean imp hits you from afar with a +1 spear.
Natasha claws you.
You die...
Natasha curls up and begins to purr.

##.# #.........#
.#.#####%..#####.#
.#...............#
.................#
.
..#..............#
..
..####.#...#.##.)#
#.# ..#
#.#.......5.# ..
#.#
#.#.(.#.##h##.##.#.
..#
#.#...#.##.@r$.....
..# #.#...#
#####.##... ..#
#...... # ###
####.###


You could see Natasha, a cerulean imp (summoned) and a rat.

Vanquished Creatures
  Natasha (D:2)
  2 adders (D:2)
  A gnoll (D:1)
  4 dart slugs
  2 ball pythons
  3 bats
  4 endoplasms (D:1)
  A giant cockroach (D:1)
  3 goblins
  8 hobgoblins
  4 jackals (D:1)
  3 quokkas
  3 frilled lizards
  5 kobolds
44 creatures vanquished.

Notes
Turn   | Place    | Note
-------+----------+-------------------------------------------
     0 | D:1      | qw the Spriggan Hunter began the quest for the Orb.
     0 | D:1      | Reached XP level 1. HP: 10/10 MP: 2/2
     0 | D:1      | 0 ||| qw: Version: 0.3-a-160-g6735b56
     0 | D:1      | 0 ||| qw: Game counter: 5668
     0 | D:1      | 0 ||| qw: Melee chars always use a shield: true
     0 | D:1      | 0 ||| qw: God list: Okawaru
     0 | D:1      | 0 ||| qw: Allow faded altars: false
     0 | D:1      | 0 ||| qw: Do Orc after clearing Dungeon:15 true
     0 | D:1      | 0 ||| qw: Do second Lair branch before Depths: true
     0 | D:1      | 0 ||| qw: Lair rune preference: random
     0 | D:1      | 0 ||| qw: Goals: Normal
     0 | D:1      | 0 ||| PLANNING D:1-11
    85 | D:1      | Reached skill level 3 in Dodging
   106 | D:1      | Reached XP level 2. HP: 11/14 MP: 3/3
   418 | D:1      | Reached XP level 3. HP: 18/18 MP: 4/4
   755 | D:1      | 755 ||| READING scroll labelled CIWNOB PERITEKI.
   856 | D:1      | 856 ||| READING scroll labelled XYAKHL AVUHYXZY.
   891 | D:1      | 891 ||| READING scroll labelled BOMEATUIGU.
   891 | D:1      | 891 ||| IDENTIFYING silvery potion
   892 | D:1      | 892 ||| READING 2 scrolls labelled DYHYCE MUIHIA.
   892 | D:1      | 892 ||| ENCHANTING +0 shortbow.
   893 | D:1      | 893 ||| READING scroll of enchant weapon.
   893 | D:1      | 893 ||| ENCHANTING +1 shortbow.
   894 | D:1      | 894 ||| DROPPING scroll of butterflies.
   895 | D:1      | 895 ||| DROPPING potion of invisibility.
   922 | D:2      | Noticed Natasha
   928 | D:2      | Killed Natasha
   929 | D:2      | Reached skill level 5 in Ranged Weapons
   929 | D:2      | Reached XP level 4. HP: 22/22 MP: 5/5
  1097 | D:2      | 1097 ||| FLEEEEING.
  1112 | D:2      | Noticed Natasha
  1130 | D:2      | HP: 3/22 [cerulean imp/+1 spear[Natasha] (5)]
  1130 | D:2      | Slain by Natasha

Levels and vault maps discovered:
D:1:      giann_wishing_wells, layout_basic
D:2:      layout_loops_cross, kennysheep_cross_bottleneck,
          kennysheep_generic_room_9, uniq_natasha

Skill      XL: |  1  2  3 |
---------------+----------+-----
Dodging        | 3 4 |  4.8
Ranged Weapons | 5 |  5.2
Fighting       | |  1.5
Stealth        | |  1.5

Action                     |  1- 3 |  4- 6 || total
---------------------------+-------+-------++-------
   Fire: Shortbow          |    97 |    41 ||   138
    Use: Scroll            |     5 |       ||     5
 Armour: Robe              |     9 |    14 ||    23
  Dodge: Dodged            |    31 |    25 ||    56

Table legend:
 A = Non-vault XP
 B = Vault XP
 C = Vault XP percentage of total XP
 D = Non-vault monster count
 E = Vault monster count
 F = Vault count percentage of total count
                 A         B        C        D         E       F
            +---------+---------+-------+---------+---------+-------
      Total |     122 |      35 |  22.3 |      43 |       1 |   2.3
            +---------+---------+-------+---------+---------+-------
        D:1 |      71 |       0 |   0.0 |      29 |       0 |   0.0
        D:2 |      51 |      35 |  40.7 |      14 |       1 |   6.7
            +---------+---------+-------+---------+---------+-------
